Map: Ruins of Seras

Players

남정현 - Winner!

  • Race: Protoss Protoss
  • League: Platinum

Nero

  • Race: Protoss Protoss

VOD

Have the link to the VOD?

Description

Time

  • Played on: Jan. 4, 2016, 6:33 a.m.
  • Length: 9:33
Show
View Real Time Build Order
Export as new Build Order

남정현 Protoss - Winner!

Build Orders: Oracle Opening 

Get SALT Encoding   

  12  0:01  Probe (Chrono Boost)  
  13  0:12  Probe (Chrono Boost)  
  14  0:18  Pylon  
  14  0:23  Probe (Chrono Boost)  
  15  0:36  Probe (Chrono Boost)  
  15  0:39  Gateway  
  16  0:47  Probe (Chrono Boost)  
  17  0:51  Assimilator  
  17  0:55  Assimilator  
  17  0:58  Probe (Chrono Boost)  
  18  1:08  Probe (Chrono Boost)  
  18  1:10  Pylon  
  19  1:19  Probe (Chrono Boost)  
  20  1:29  Cybernetics Core, Probe (Chrono Boost)  
  22  1:40  Probe (Chrono Boost)  
  22  1:44  Pylon  
  22  1:50  Probe (Chrono Boost)  
  23  2:01  Probe (Chrono Boost)  
  24  2:05  Warp Gate  
  24  2:11  Probe (Chrono Boost)  
  24  2:14  Stargate  
  25  2:22  Pylon, Probe (Chrono Boost)  
  26  2:26  Stalker  
  28  2:32  Probe (Chrono Boost)  
  29  2:44  Mothership Core (Chrono Boost)  
  31  2:56  Nexus  
  31  3:08  Oracle (Chrono Boost)  
  34  3:16  Probe  
  34  3:19  Pylon  
  35  3:26  Pylon  
  35  3:28  Assimilator, Probe  
  36  3:39  Assimilator  
  36  3:40  Probe  
  37  3:46  Oracle (Chrono Boost)  
  40  3:52  Probe  
  41  4:00  Pylon  
  40  4:04  Probe  
  41  4:16  Probe  
  42  4:24  Probe  
  42  4:28  Probe  
  44  4:35  Probe  
  45  4:42  Probe (Chrono Boost)  
  46  4:46  Probe (Chrono Boost)  
  46  4:48  Void Ray (Chrono Boost)  
  51  4:54  Probe (Chrono Boost)  
  51  4:58  Probe (Chrono Boost)  
  53  5:04  Probe (Chrono Boost)  
  53  5:05  Forge  
  54  5:08  Probe (Chrono Boost)  
  55  5:14  Pylon  
  55  5:15  Probe (Chrono Boost)  
  55  5:18  Stalker  
  55  5:19  Probe (Chrono Boost)  
  59  5:25  Probe (Chrono Boost)  
  60  5:29  Gateway x2, Probe (Chrono Boost)  
  60  5:31  Pylon  
  60  5:32  Protoss Air Weapons Level 1 (Chrono Boost)  
  61  5:36  Gateway  
  61  5:38  Void Ray  
  61  5:42  Protoss Ground Weapons Level 1 (Chrono Boost)  
  65  5:48  Photon Cannon  
  65  5:49  Probe (Chrono Boost)  
  66  5:58  Probe (Chrono Boost)  
  66  6:00  Probe  
  68  6:07  Photon Cannon  
  68  6:08  Probe  
  69  6:11  Stalker  
  69  6:13  Probe  
  72  6:19  Probe  
  70  6:29  Probe  
  68  6:38  Twilight Council  
  68  6:40  Void Ray, Probe  
  73  6:48  Stargate, Photon Cannon  
  73  7:01  Probe  
  74  7:03  Protoss Air Armor Level 1  
  74  7:05  Nexus, Photon Cannon  
  74  7:09  Photon Cannon  
  74  7:14  Pylon  
  74  7:17  Pylon  
  74  7:20  Probe  
  75  7:23  Void Ray  
  75  7:25  Blink  
  79  7:32  Probe  
  79  7:34  Fleet Beacon, Protoss Shields Level 1 (Chrono Boost)  
  80  7:43  Photon Cannon  
  80  7:48  Photon Cannon  
  80  7:52  Assimilator  
  80  7:54  Void Ray  
  84  8:05  Probe  
  84  8:06  Void Ray  
  89  8:18  Probe  
  90  8:21  Probe  
  91  8:28  Photon Cannon  
  91  8:31  Assimilator  
  91  8:32  Probe  
  92  8:36  Probe  
  93  8:42  Probe  
  93  8:48  Probe  
  95  8:49  Void Ray  
  95  8:55  Nexus  
  103  8:58  Pylon  
  103  9:01  Assimilator  
  103  9:16  Stalker  
  103  9:17  Stalker  
  95  9:28  Stalker  
Show
View Real Time Build Order
Export as new Build Order

Nero Protoss 

Build Orders: Oracle Opening 

Get SALT Encoding   

  12  0:01  Probe (Chrono Boost)  
  13  0:12  Probe (Chrono Boost)  
  14  0:23  Pylon  
  14  0:24  Probe (Chrono Boost)  
  15  0:41  Probe (Chrono Boost)  
  15  0:42  Gateway  
  16  0:51  Probe (Chrono Boost)  
  17  1:02  Probe (Chrono Boost), Assimilator  
  18  1:13  Probe (Chrono Boost)  
  18  1:15  Pylon  
  19  1:23  Probe (Chrono Boost)  
  20  1:27  Assimilator  
  20  1:31  Cybernetics Core  
  20  1:32  Zealot  
  22  1:34  Probe (Chrono Boost)  
  23  1:44  Probe (Chrono Boost)  
  24  1:57  Probe (Chrono Boost)  
  24  2:00  Zealot  
  27  2:11  Stargate  
  27  2:20  Warp Gate  
  27  2:32  Nexus  
  27  2:36  Pylon  
  27  2:56  Oracle (Chrono Boost)  
  30  3:06  Probe  
  30  3:07  Zealot  
  30  3:12  Twilight Council  
  33  3:39  Probe  
  33  3:51  Probe  
  30  4:12  Phoenix (Chrono Boost)  
  25  4:34  Phoenix (Chrono Boost)  
  25  4:40  Probe  
  26  4:51  Gateway  
  26  4:52  Probe  
  27  4:53  Gateway  
  27  4:57  Probe  
  28  5:04  Probe  
  29  5:08  Probe  
  29  5:11  Blink  
  30  5:16  Probe  
  30  5:18  Probe  
  32  5:26  Forge  
  32  5:29  Probe  
  33  5:39  Probe  
  34  5:55  Probe  
  35  5:57  Phoenix (Chrono Boost)  
  35  5:59  Stalker  
  35  6:00  Stalker  
  41  6:07  Probe  
  41  6:10  Stalker, Probe  
  45  6:19  Probe  
  45  6:21  Probe  
  43  6:33  Probe  
  43  6:36  Phoenix (Chrono Boost)  
  46  6:46  Probe  
  47  6:57  Probe  
  48  7:01  Stalker  
  48  7:02  Sentry  
  48  7:04  Zealot  
  54  7:16  Pylon  
  54  7:17  Pylon  
  54  7:18  Pylon  
  54  7:33  Probe  
  54  7:34  Probe  
  54  7:35  Phoenix (Chrono Boost)  
  58  7:39  Pylon  
  58  7:41  Pylon  
  58  7:43  Probe  
  58  7:51  Probe  
  60  7:54  Probe  
  61  8:03  Probe  
  62  8:23  Phoenix (Chrono Boost)  
  62  8:24  Stalker x2  
  62  8:25  Stalker  
  70  8:31  Gateway  
  70  8:33  Gateway  
  70  8:36  Assimilator  
  70  8:41  Assimilator  
  70  9:08  Nexus  
  70  9:12  Assimilator  
  70  9:14  Assimilator  
  68  9:19  Pylon  
Tags
 
Add a new tag
Caveats
  • Supply blocks, unpowered buildings, or Contaminate may cause inaccurate times.
  • Supply counts are checked every 10 seconds.